 Dungeon Crawl Stone Soup version 0.29.1-13-g9f3cf754e1 (webtiles) character file.

Game seed: 14652867697696238524

88 hbarley the Covered (level 4, -9/40 HPs)
             Began as a Hill Orc Fighter on Feb 1, 2023.
             Killed by divine providence
             ... invoked by an orc priest
              (12 damage)
             ... on level 3 of the Dungeon.
             The game lasted 00:06:07 (2400 turns).

hbarley the Covered (Hill Orc Fighter)              Turns: 2400, Time: 00:06:08

Health: -9/40      AC: 13    Str: 18    XL:     4   Next: 54%
Magic:  4/4        EV:  9    Int: 12    God:
Gold:   92         SH:  5    Dex: 18    Spells: 3/3 levels left

rFire   . . .      SeeInvis .   a - +0 war axe
rCold   . . .      Faith    .   c - +0 buckler
rNeg    . . .      Spirit   .   r - +3 scale mail of Hoodywn {Int+4}
rPois   .          Reflect  .   (no helmet)
rElec   .          Harm     .   q - +0 cloak
rCorr   .          Rampage  .   (no gloves)
Will    .....                   v - +1 pair of boots
Stlth   ..........              (no amulet)
HPRegen 0.13/turn               i - +6 ring of dexterity
MPRegen 0.09/turn               (no ring)

@: no status effects
A: no striking features
a: Convert to Beogh


You were on level 3 of the Dungeon.
You visited 1 branch of the dungeon, and saw 3 of its levels.

You collected 120 gold pieces.
You spent 28 gold pieces at shops.

Inventory:

Hand Weapons
 a - a +0 war axe (weapon)
Missiles
 k - 3 poisoned darts (quivered)
Armour
 b - a +0 scale mail
 c - a +0 buckler (worn)
 h - a +0 chain mail
 q - a +0 cloak (worn)
 r - the +3 scale mail of Hoodywn (worn) {Int+4}
   (You found it on level 2 of the Dungeon)

   Int:       It affects your intelligence (+4).
 v - a +1 pair of boots (worn)
Jewellery
 i - a +6 ring of dexterity (left hand)
Wands
 w - a wand of mindburst (8)
Scrolls
 g - 2 scrolls of magic mapping
 j - a scroll of identify
 l - 2 scrolls of vulnerability
 n - a scroll of immolation {unknown}
 p - a scroll of teleportation {unknown}
 t - a scroll of poison {unknown}
 u - a scroll of butterflies {unknown}
Potions
 d - a potion of might
 e - a potion of berserk rage {unknown}
 f - 2 potions of resistance
 m - a potion of curing {unknown}
 o - a potion of flight {unknown}
 s - a potion of heal wounds {unknown}


   Skills:
 + Level 4.0 Fighting
 + Level 4.1 Axes
 + Level 4.4 Armour
 + Level 3.6 Shields


You had 3 spell levels left.
You didn't know any spells.
Your spell library contained the following spells:

 Spells                   Type           Power      Damage    Failure   Level
 Magic Dart               Conj           0%         1d3       78%         1
 Call Imp                 Summ           0%         N/A       89%         2
 Ensorcelled Hibernation  Hex/Ice        0%         N/A       89%         2
 Passwall                 Tmut/Erth      0%         N/A       89%         2
 Mephitic Cloud           Conj/Pois/Air  0%         N/A       98%         3
 Swiftness                Air            0%         N/A       98%         3
 Passage of Golubria      Tloc           0%         N/A       100%        4
 Silence                  Hex/Air        0%         N/A       100%        5
 Lehudib's Crystal Spear  Conj/Erth      0%         10d2      100%        8


Dungeon Overview and Level Annotations

Branches:
Dungeon (3/15)

Altars:

Shops:
D:2 ?   D:3 (?


Message History

You slash the orc!
You kill the orc!
You block the goblin's attack.
You hit the goblin.
You kill the goblin!
You barely miss the orc. The orc hits you but does no damage.
You closely miss the orc priest. You hit the orc but do no damage.
The orc priest shouts, "Join the one true god or die!"
The orc priest invokes the aid of Beogh against you.
Pain shoots through your body! The orc hits you but does no damage.
The orc priest hits you but does no damage.
You block the orc's attack.
The orc priest shouts, "Surrender to Beogh and we'll let you live!"
You hit the orc priest.
The orc priest is moderately wounded.
You hit the orc.
The orc priest invokes the aid of Beogh against you.
Beogh smites you! You block the orc's attack.
You hit the orc priest.
The orc priest is heavily wounded.
You completely miss the orc.
The orc priest hits you but does no damage.
The orc hits you but does no damage.
You hit the orc priest but do no damage.
The orc priest is heavily wounded.
You hit the orc.
You kill the orc!
The orc priest calls down the wrath of Beogh upon you.
Beogh smites you!
* * * LOW HITPOINT WARNING * * *
The orc priest looks satisfied for a moment.
You hit the orc priest but do no damage.
The orc priest shouts, "Beogh is our master!
Accept the truth or die!"
The orc priest is moderately wounded.
The orc priest hits you but does no damage.
You barely miss the orc priest.
The orc priest is moderately wounded.
The orc priest mumbles some strange prayers to Beogh against you.
Beogh smites you!
You die...

...............##.
.............†.....####.
...................#
...................#
...................#
...................#
..........##...##..#
......)o..#.....#..#
.....[)@.......)...#
.......#.#...∩....##
.......#.........##
.......####.†...##
####### ##...## #####


You could see an orc priest.

Vanquished Creatures
  Terence (D:2)
  An adder (D:3)
  A worm (D:2)
  2 orcs (D:3)
  5 endoplasms
  3 giant cockroaches
  6 goblins
  2 hobgoblins
  2 quokkas
  5 ball pythons
  2 bats (D:1)
  4 frilled lizards
  7 kobolds
  5 rats
46 creatures vanquished.

Notes
Turn   | Place    | Note
-------+----------+-------------------------------------------
     0 | D:1      | hbarley the Hill Orc Fighter began the quest for the Orb.
     0 | D:1      | Reached XP level 1. HP: 19/19 MP: 1/1
   162 | D:1      | Reached XP level 2. HP: 24/27 MP: 2/2
   208 | D:1      | Found a faded altar of an unknown god.
  1073 | D:2      | Found Lanlon's Magic Scroll Emporium.
  1193 | D:2      | Bought a scroll of identify for 28 gold pieces
  1257 | D:2      | Reached XP level 3. HP: 33/33 MP: 3/3
  1387 | D:2      | Noticed Terence
  1405 | D:2      | Killed Terence
  1775 | D:2      | Identified the +3 scale mail of Hoodywn {Int+4}
  1794 | D:2      | Reached XP level 4. HP: 40/40 MP: 4/4
  2303 | D:3      | Found Poxt's Magic Scroll Emporium.
  2377 | D:3      | Found Zomux's Weapon Emporium.
  2400 | D:3      | Killed from afar by an orc priest

Illustrated notes

Levels and vault maps discovered:
D:1:      matt_arrival_los_fun, layout_basic,
          shapermc_ecumenical_altar_starsandcircs, minmay_stone_trees_small
D:2:      layout_basic, serial_shops, shop, chequers_serial_rivers_small_3,
          uniq_terence
D:3:      layout_basic, serial_shops, shop, nicolae_lakefront_shop,
          nicolae_shop_bloodbath_and_beyond,
          nicolae_shop_temple_entry_statues_fountains, shop, roderic_batcave,
          dk_noncrumbling_2, uniq_jessica, uniq_ijyb

Skill      XL: |  1  2  3  4 |
---------------+-------------+-----
Armour         | 4 |  4.4
Axes           | 3 4 |  4.1
Fighting       | 4 |  4.0
Shields        | |  3.6

Action                   |  1- 3 |  4- 6 || total
-------------------------+-------+-------++-------
Melee: War axe           |    99 |    37 ||   136
  Use: Scroll            |       |     3 ||     3
Armor: Scale mail        |     8 |    14 ||    22
       Chain mail        |    47 |       ||    47
Dodge: Dodged            |    30 |    16 ||    46
Block: Buckler           |    26 |    13 ||    39
